 Dungeon Crawl Stone Soup version 0.21.1-1-g345015f (webtiles) character file.

1105 inc the Digger (level 8, 0/31 HPs)
             Began as a Felid Wizard on Feb 22, 2018.
             Was a Priest of Vehumet.
             Slain by a wolf (13 damage)
             ... on level 8 of the Dungeon.
             The game lasted 00:31:22 (9469 turns).

inc the Digger (Felid Wizard)                       Turns: 9469, Time: 00:31:23

Health: 0/31       AC:  2    Str:  3    XL:     8   Next: 11%
Magic:  10/15      EV: 20    Int: 19    God:    Vehumet [***...]
Gold:   226        SH:  0    Dex: 15    Spells: 5/15 levels left
                                        Lives:  0   Deaths: 2

rFire    . . .     SeeInvis +   (weapon unavailable)
rCold    . . .     Gourm    .   (shield unavailable)
rNeg     . . .     Faith    .   (armour unavailable)
rPois    .         Spirit   .   (helmet unavailable)
rElec    .         Reflect  .   (cloak unavailable)
rCorr    .         Harm     +   (gloves unavailable)
MR       +....                  (boots unavailable)
Stlth    ++++......             w - amulet of harm
HPRegen  0.10/turn              f - -2 ring of intelligence (curse)
MPRegen  0.14/turn              i - ring of stealth

@: quick
A: very small, no armour, no weapons or thrown items, stealth, claws 1, fangs 3,
see invisible, carnivore, speed 1, shaggy fur 2, slow metabolism 1, sharp paws
a: Renounce Religion


You were on level 8 of the Dungeon.
You worshipped Vehumet.
Vehumet was most pleased with you.
You were full.

You visited 2 branches of the dungeon, and saw 9 of its levels.
You also visited: Sewer.

You collected 226 gold pieces.

Inventory:

Missiles
 j - 43 stones
Jewellery
 d - a cursed ring of teleportation {unknown}
 f - a cursed -2 ring of intelligence (left paw)
 g - a cursed ring of loudness {unknown}
 i - a ring of stealth (right paw)
 n - an uncursed amulet of guardian spirit
 w - an amulet of harm (around neck)
 y - a cursed amulet of inaccuracy {unknown}
Wands
 x - a wand of enslavement (12)
Scrolls
 m - 2 scrolls of teleportation
 q - a scroll of remove curse {unknown}
 r - a scroll of magic mapping
 s - 3 scrolls of immolation
 u - a scroll of identify
Potions
 c - 2 potions of agility
 e - 10 potions of heal wounds
 h - a potion of berserk rage {unknown}
 k - a potion of resistance
 l - 4 potions of brilliance
 o - 2 potions of ambrosia {unknown}
 p - 6 potions of curing
 t - 2 potions of flight {unknown}
 v - a potion of might
 z - a potion of lignification {unknown}
Books
 a - a book of Minor Magic

   Spells                             Type                      Level
   a - Magic Dart                     Conjuration                  1
   b - Blink                          Translocation                2
   c - Call Imp                       Summoning                    2
   d - Slow                           Hexes                        2
   e - Conjure Flame                  Conjuration/Fire             3
   f - Mephitic Cloud                 Conjuration/Poison/Air       3
Comestibles
 b - 11 rations


   Skills:
 + Level 4.7 Dodging
 - Level 2.6 Stealth
 - Level 4.3 Spellcasting
 - Level 3.0 Conjurations
 - Level 1.0 Summonings
   Level 1.5 Translocations
 - Level 4.3 Transmutations
 - Level 3.5 Fire Magic
 - Level 4.9 Earth Magic
 - Level 3.5 Poison Magic


You had 5 spell levels left.
You knew the following spells:

 Your Spells              Type           Power        Failure   Level  Hunger
b - Call Imp              Summ           #.......     13%         2    #......
c - Sandblast             Erth           ###...       1%          1    None
d - Sting                 Conj/Pois      ###.         1%          1    None
e - Ignite Poison         Fire/Tmut/Pois ###.....     2%          3    ###....
f - Mephitic Cloud        Conj/Pois/Air  ##......     4%          3    ###....


Dungeon Overview and Level Annotations

Branches:
Dungeon (8/15)             Temple (1/1) D:4
   Lair: D:8-11

Altars:
Ashenzari
Cheibriados
Dithmenos
Elyvilon
Fedhas
Gozag
Hepliaklqana
Kikubaaqudgha
Makhleb
Nemelex Xobeh
Okawaru
Qazlal
Ru
Trog
Uskayaw
Vehumet
Wu Jian
Xom
Yredelemnul
Zin
The Shining One
Lugonu

Shops:
D:4 *

Annotations:
D:4 inc's ghost, weakling FeWz
D:5 1994's ghost, novice TrGl


Innate Abilities, Weirdness & Mutations

You cannot wear armour.
You are incapable of wielding weapons or throwing items.
Your paws allow you to move quietly. (Stealth)
You have sharp claws.
You have razor-sharp teeth.
You have supernaturally acute eyesight. (SInv)
You are carnivorous and can eat meat at any time.
You cover ground quickly.
You are covered in thick fur. (AC +2)
You have a slow metabolism.
Your sharp claws are effective at attacking unaware monsters.


Message History

Aim: a wolf (moderately wounded)
The sting misses the wolf.
The wolf barely misses you.
Casting: Sting
Confirm with . or Enter, or press ? or * to list all spells.
Aiming: Sting
Press: ? - help, Shift-Dir - straight line, f/p - wolf
Aim: a wolf (moderately wounded)
The sting misses the wolf.
The wolf bites you! The wolf completely misses you.
Put on which piece of jewellery? (? for menu, Esc to quit)
Okay, then.
The wolf pauses to sniff the ground.
The wolf misses you.
Casting: Sting
Confirm with . or Enter, or press ? or * to list all spells.
Okay, then.
Casting: Sting
Confirm with . or Enter, or press ? or * to list all spells.
A beastly little devil appears in a puff of flame.
The wolf closely misses you. The wolf bites you. The wolf bites you!
You die...

#...........
#.<.........
#...........
#...........
..##..)........
#...............
######....5.......≈≈≈≈
###.........≈≈≈≈≈
##.@#####....≈≈≈.
##.hhh# #..;≈h≈≈≈
##.....## #..h≈≈≈≈.
###...##..###..≈≈≈≈h≈
##....####.##....≈≈≈≈.
#...### #..../.≈.≈≈≈≈
#..## ##.##...≈≈≈≈≈
#### #..#..≈..≈≈≈
##.#....≈.≈≈


You could see 2 wolves, a hound and a friendly crimson imp.

Vanquished Creatures
  The ghost of Autsider the Poker, an amateur MfSk (D:3)
  An orc warrior (D:6)
  An ice beast (D:5)
  2 ogres
  A centaur (D:5)
  A big kobold (D:5)
  2 crimson imps
  A jelly (D:5)
  3 hounds
  An orc priest (D:4)
  3 iguanas
  An orc wizard (D:3)
  5 worker ants
  Terence (D:3)
  A hound zombie (D:7)
  A gnoll (D:6)
  2 river rats (Sewer)
  11 adders
  A shadow imp (D:5)
  2 oozes
  2 worms (D:2)
  3 dart slugs
  8 leopard geckos
  7 orcs
  4 giant cockroaches
  9 goblins
  9 hobgoblins
  3 jackals (D:6)
  2 quokkas
  4 ball pythons
  9 bats
  6 frilled lizards
  A giant cockroach zombie (D:5)
  30 kobolds
  A leopard gecko skeleton (D:5)
  A quokka zombie (D:7)
  25 rats
166 creatures vanquished.

Vanquished Creatures (collateral kills)
  A sky beast (D:5)
  A worm (D:2)
2 creatures vanquished.

Vanquished Creatures (others)
  A ball python (D:4)
  A quokka (D:4)
  2 plants (D:5)
4 creatures vanquished.

Grand Total: 172 creatures vanquished

Notes
Turn   | Place    | Note
-------+----------+-------------------------------------------
     0 | D:1      | inc the Felid Wizard began the quest for the Orb.
     0 | D:1      | Reached XP level 1. HP: 7/7 MP: 5/5
    47 | D:3      | Reached skill level 1 in Conjurations
    94 | D:3      | Noticed Terence
   231 | D:4      | Noticed a phantom
   232 | D:4      | Found a staircase to the Ecumenical Temple.
   241 | Temple   | Entered the Ecumenical Temple
   267 | Temple   | Became a worshipper of Vehumet
   793 | D:1      | Reached XP level 2. HP: 11/11 MP: 4/7
  1393 | D:1      | Learned a level 2 spell: Call Imp
  1396 | D:1      | Reached XP level 3. HP: 7/14 MP: 5/8
  1792 | D:1      | Reached * piety under Vehumet
  1792 | D:1      | Offered knowledge of Sandblast by Vehumet.
  1910 | D:1      | Learned a level 1 spell: Sandblast
  2522 | D:2      | Reached skill level 1 in Earth Magic
  2535 | D:2      | Found a shimmering altar of Xom.
  2594 | D:2      | Reached XP level 4. HP: 18/18 MP: 5/9
  3188 | D:3      | Noticed Autsider's ghost (amateur MfSk)
  3222 | D:4      | Noticed an ogre
  3250 | D:4      | Killed an ogre
  3250 | D:4      | Reached XP level 5. HP: 21/21 MP: 3/10
  3408 | D:4      | Found an iron altar of Okawaru.
  3818 | D:3      | Killed from afar by an orc wizard
  3819 | D:3      | Reached XP level 4. HP: -4/18 MP: 6/9
  3879 | D:4      | Found a shadowy altar of Dithmenos.
  3938 | D:5      | Entered Level 5 of the Dungeon
  4019 | D:5      | Noticed a centaur
  4029 | D:5      | Killed a centaur
  4029 | D:5      | Reached XP level 5. HP: 6/21 MP: 5/11
  4246 | D:5      | Found a glowing drain.
  4271 | Sewer    | Entered a sewer
  4420 | Sewer    | Offered knowledge of Sting by Vehumet.
  4473 | Sewer    | HP: 1/21 [poisoned by a kobold]
  4846 | Sewer    | Reached ** piety under Vehumet
  5087 | Sewer    | Gained mutation: You are covered in thick fur. (AC +2) [Felid growth]
  5087 | Sewer    | Reached XP level 6. HP: 15/24 MP: 6/13
  5654 | D:5      | Noticed a sky beast
  5662 | D:5      | Killed a sky beast
  5787 | D:5      | Learned a level 1 spell: Sting
  5801 | D:5      | Noticed a hand axe
  5830 | D:5      | Noticed a hand axe
  5860 | D:5      | Found a hazy altar of Hepliaklqana.
  5900 | D:5      | Offered knowledge of Ignite Poison by Vehumet.
  5905 | D:5      | Learned a level 3 spell: Ignite Poison
  5972 | D:5      | Noticed an ice beast
  5973 | D:5      | Found a bloodstained altar of Trog.
  5985 | D:5      | Killed an ice beast
  5985 | D:5      | Reached skill level 1 in Transmutations
  6025 | D:5      | Learned a level 3 spell: Mephitic Cloud
  6099 | D:5      | Reached skill level 1 in Fire Magic
  6099 | D:5      | Reached skill level 1 in Poison Magic
  6099 | D:5      | Reached XP level 7. HP: 19/27 MP: 3/14
  6260 | D:5      | Found an opulent altar of Gozag.
  6776 | D:3      | Found a shattered altar of Ashenzari.
  7131 | D:3      | Killed Terence
  7257 | D:3      | Slain by Autsider's ghost
  7258 | D:3      | Reached XP level 6. HP: -2/24 MP: 3/13
  7285 | D:3      | Killed Autsider's ghost
  7285 | D:3      | Reached XP level 7. HP: 27/27 MP: 14/14
  7388 | D:4      | Found Methru's General Store.
  7388 | D:4      | Found a white marble altar of Elyvilon.
  7435 | D:4      | Noticed inc's ghost (weakling FeWz)
  7441 | D:4      | Reached *** piety under Vehumet
  7534 | D:5      | Found a hide-covered altar of Uskayaw.
  7577 | D:5      | Noticed 1994's ghost (novice TrGl)
  8695 | D:7      | Found an opulent altar of Gozag.
  8901 | D:7      | Reached XP level 8. HP: 31/31 MP: 13/15
  9228 | D:7      | Found a sacrificial altar of Ru.
  9432 | D:8      | Offered knowledge of Olgreb's Toxic Radiance by Vehumet.
  9469 | D:8      | Slain by a wolf

Skill      XL: |  1  2  3  4  5  6  7  8 |
---------------+-------------------------+-----
Conjurations   | 1 2 3 |  3.0
Earth Magic    | 1 3 4 |  4.9
Spellcasting   | 4 |  4.3
Transmutations | 3 4 |  4.3
Fire Magic     | 2 3 |  3.5
Poison Magic   | 2 3 |  3.5
Dodging        | 3 4 |  4.7
Stealth        | |  2.6
Summonings     | |  1.0
Translocations | |  1.5

Action                   |  1- 3 |  4- 6 |  7- 9 || total
-------------------------+-------+-------+-------++-------
Melee: Unarmed           |    30 |    16 |    12 ||    58
       Bite              |     1 |     1 |     1 ||     3
 Cast: Magic Dart        |    56 |    80 |     2 ||   138
       Sandblast         |    18 |    88 |    29 ||   135
       Call Imp          |       |     5 |     1 ||     6
       Sting             |       |    10 |   116 ||   126
       Mephitic Cloud    |       |     1 |     9 ||    10
       Ignite Poison     |       |       |     9 ||     9
  Use: Scroll            |       |       |    12 ||    12
 Stab: Sleeping          |     4 |     2 |       ||     6
  Eat: Chunk             |     9 |     7 |     7 ||    23
Armor: Skin              |     9 |     4 |     3 ||    16
Dodge: Dodged            |    67 |    55 |    49 ||   171
